 Dungeon Crawl Stone Soup version 0.21.1-1-g345015fe64 (webtiles) character file.

30 Ikesh the Firebug (level 3, -5/19 HPs)
             Began as a Deep Elf Fire Elementalist on Mar 4, 2018.
             Killed by divine providence
             ... invoked by an orc priest
              (11 damage)
             ... on level 2 of the Dungeon.
             The game lasted 00:06:49 (1209 turns).

Ikesh the Firebug (Deep Elf Fire Elementalist)      Turns: 1209, Time: 00:06:50

Health: -5/19      AC:  2    Str:  5    XL:     3   Next: 5%
Magic:  4/9        EV: 18    Int: 20    God:
Gold:   86         SH:  0    Dex: 20    Spells: 5/8 levels left

rFire    . . .     SeeInvis .   f - +0 dagger (curse)
rCold    . . .     Gourm    .   (no shield)
rNeg     . . .     Faith    .   a - +0 robe
rPois    .         Spirit   .   (no helmet)
rElec    .         Reflect  .   (no cloak)
rCorr    .         Harm     .   (no gloves)
MR       .....     Clarity  +   (no boots)
Stlth    ++++......             (no amulet)
HPRegen  0.06/turn              (no ring)
MPRegen  0.11/turn              (no ring)

@: agile
A: fangs 1, clarity, mutation resistance 1
a: no special abilities


You were on level 2 of the Dungeon.
You were not hungry.

You visited 1 branch of the dungeon, and saw 2 of its levels.

You collected 86 gold pieces.

Inventory:

Hand Weapons
 f - a cursed +0 dagger (weapon)
Missiles
 g - 7 tomahawks (quivered)
Armour
 a - a +0 robe (worn)
Scrolls
 d - 4 scrolls of remove curse {unknown}
 e - 3 scrolls of identify {unknown}
Potions
 h - a potion of mutation
 j - a potion of agility
Books
 b - a book of Flames

   Spells                             Type                      Level
   a - Flame Tongue                   Conjuration/Fire             1
   b - Throw Flame                    Conjuration/Fire             2
   c - Conjure Flame                  Conjuration/Fire             3
   d - Inner Flame                    Hexes/Fire                   3
   e - Sticky Flame                   Conjuration/Fire             4
   f - Fireball                       Conjuration/Fire             5
Comestibles
 c - 3 rations
 i - 4 chunks of flesh


   Skills:
 + Level 2.7 Dodging
 + Level 3.3 Stealth
 + Level 3.2 Spellcasting
 + Level 1.2 Conjurations
 + Level 3.8 Fire Magic


You had 5 spell levels left.
You knew the following spells:

 Your Spells              Type           Power        Failure   Level  Hunger
a - Flame Tongue          Conj/Fire      ##...        4%          1    None
b - Throw Flame           Conj/Fire      ##....       8%          2    ##.....


Dungeon Overview and Level Annotations

Branches:
Dungeon (2/15)

Altars:
Okawaru


Innate Abilities, Weirdness & Mutations

You have very sharp teeth.
You possess an exceptional clarity of mind.
You are somewhat resistant to further mutation.


Message History

The orc wizard gestures wildly while chanting.
The orc wizard flickers and vanishes!
Deactivating autopickup; reactivate with Ctrl-A.
The orc priest casts a cantrip, but nothing happens.
The goblin closely misses you.
You bump into the rock wall.
You feel less confused. The goblin barely misses you.
It was a potion of agility.
You feel agile all of a sudden. The goblin hits you.
You barely miss the goblin. The goblin hits you.
* * * LOW HITPOINT WARNING * * *
You see here 19 bolts.
The orc priest looks satisfied for a moment.
You see here 2 stones.
The orc priest invokes the aid of Beogh against you.
Beogh smites you!
Ouch! That really hurt!
You die...

#######....#.......
#..o.{o....'.......
##o####....#.#.....
#.# +............
#.# #....#.#.####
#(# ##........#..
#g# #.#.........
#(# #.$.........
#@# .........#.#
#.# ####......#.#
##.##############
#...............#.
###############.#.#
#.........#.#..
#.##...##.#.###
#..'...........
####......#.###


You could see an orc priest, an orc and a goblin.

Vanquished Creatures
  A dart slug (D:1)
  3 leopard geckos
  5 goblins
  3 hobgoblins (D:1)
  9 kobolds
  A bat (D:1)
  2 rats
24 creatures vanquished.

Notes
Turn   | Place    | Note
-------+----------+-------------------------------------------
     0 | D:1      | Ikesh the Deep Elf Fire Elementalist began the quest for the Orb.
     0 | D:1      | Reached XP level 1. HP: 10/10 MP: 6/6
   166 | D:1      | Reached XP level 2. HP: 15/15 MP: 8/8
   173 | D:1      | Learned a level 2 spell: Throw Flame
   904 | D:2      | Found an iron altar of Okawaru.
  1077 | D:2      | Reached XP level 3. HP: 19/19 MP: 7/9
  1197 | D:2      | Gained mutation: You possess an exceptional clarity of mind. [potion of mutation]
  1197 | D:2      | Gained mutation: You are somewhat resistant to further mutation. [potion of mutation]
  1197 | D:2      | Gained mutation: You have very sharp teeth. [potion of mutation]
  1209 | D:2      | Killed from afar by an orc priest

Skill      XL: |  1 |
---------------+----+-----
Stealth        | 3 |  3.3
Dodging        | |  2.7
Spellcasting   | |  3.2
Conjurations   | |  1.2
Fire Magic     | |  3.8

Action                   || total
-------------------------++-------
Melee: Dagger            ||    11
 Cast: Flame Tongue      ||    24
       Throw Flame       ||     7
  Use: Potion            ||     2
 Stab: Sleeping          ||     7
  Eat: Chunk             ||     1
Armor: Robe              ||     3
Dodge: Dodged            ||    15
